 Dungeon Crawl Stone Soup version 0.20.1-1-g8b1a95d (webtiles) character file.

93 ReignOfFire the Slasher (level 4, -7/33 HPs)
             Began as a Demonspawn Gladiator on July 19, 2017.
             Mangled by a crimson imp
             ... wielding a +0 dagger of chaos
              (15 damage)
             ... on level 3 of the Dungeon.
             The game lasted 00:02:38 (1765 turns).

ReignOfFire the Slasher (Demonspawn Gladiator)      Turns: 1765, Time: 00:02:38

Health: -7/33      AC: 11    Str: 15    XL:     4   Next: 36%
Magic:  4/4        EV:  5    Int:  9    God:
Gold:   92         SH:  0    Dex: 15    Spells: 3/3 levels left

rFire    . . .     SeeInvis .   a - +0 long sword
rCold    . . .     Gourm    .   (no shield)
rNeg     . . .     Faith    .   o - +0 plate armour
rPois    .         Spirit   .   c - +0 helmet
rElec    .         Reflect  .   (no cloak)
rCorr    .         Harm     .   (no gloves)
MR       .....                  (no boots)
Stlth    ..........             (no amulet)
Regen    0.2/turn               (no ring)
MPRegen  0.1/turn               (no ring)

@: no status effects
A: demonic guardian 1, nightstalker 1
a: no special abilities


You were on level 3 of the Dungeon.
You were not hungry.

You visited 1 branch of the dungeon, and saw 3 of its levels.

You collected 92 gold pieces.

Inventory:

Hand Weapons
 a - a +0 long sword (weapon)
Missiles
 d - 3 throwing nets (quivered)
Armour
 b - a +0 leather armour
 c - a +0 helmet (worn)
 o - a +0 plate armour (worn)
Jewellery
 h - an uncursed ring of positive energy {unknown}
 k - an uncursed ring of protection from fire {unknown}
 n - an uncursed ring of fire {unknown}
Scrolls
 e - 2 scrolls of fog {unknown}
 i - 3 scrolls of identify {unknown}
 j - a scroll of remove curse {unknown}
 r - 2 scrolls of fear {unknown}
 s - a scroll of teleportation {unknown}
Potions
 l - a potion of might {unknown}
 m - 2 potions of mutation {unknown}
 p - a potion of ambrosia {unknown}
 q - a potion of curing {unknown}
 u - a potion of haste {unknown}
Comestibles
 f - 3 bread rations
 g - a royal jelly
 t - a meat ration
 v - 2 chunks of flesh


   Skills:
 + Level 2.2 Fighting
 + Level 3.7 Long Blades
 + Level 1.9 Throwing
 + Level 1.5 Armour
 + Level 3.1 Dodging


You had 3 spell levels left.
You didn't know any spells.

Dungeon Overview and Level Annotations

Branches:
Dungeon (3/15)

Altars:
Xom

Annotations:
D:3 ReignOfFire's ghost, amateur DsGl


Innate Abilities, Weirdness & Mutations

A weak demonic guardian rushes to your aid.
You are slightly more attuned to the shadows.


Message History

The crimson imp blinks!
Your white imp gestures at the crimson imp.
The puff of frost hits the crimson imp.
The crimson imp is frozen!
You catch the helpless crimson imp completely off-guard!
You hit the crimson imp but do no damage.
The crimson imp is severely wounded.
Your white imp closely misses the crimson imp.
The crimson imp hits you but does no damage.
Your white imp hits the crimson imp.
Your white imp freezes the crimson imp!
The crimson imp is frozen!
The crimson imp dies!
The crimson imp hits you but does no damage.
There is an open door here.
You see here a hunting sling.
You hit the crimson imp.
The crimson imp is moderately wounded.
The crimson imp hits you with a dagger of chaos.
* * * LOW HITPOINT WARNING * * *
You are electrocuted!
You die...

###...........#####
.......##...#.....#
..##....##..)....#
#.# #.....##)....#
####'####....##.....#
#.......#...........#
###._.###....##.....#
#...5...#....##.....#
####@####.#####......
#5.....# #######
########


You could see a crimson imp and a friendly white imp.

Vanquished Creatures
  2 dart slugs (D:1)
  2 orcs (D:3)
  3 giant cockroaches
  4 hobgoblins
  8 jackals (D:1)
  5 kobolds
  A ball python (D:1)
  A bat (D:3)
  A frilled lizard (D:2)
  5 goblins
  4 rats
36 creatures vanquished.

Vanquished Creatures (collateral kills)
  2 crimson imps (D:3)
2 creatures vanquished.

Grand Total: 38 creatures vanquished

Notes
Turn   | Place    | Note
-------+----------+-------------------------------------------
     0 | D:1      | ReignOfFire the Demonspawn Gladiator began the quest for the Orb.
     0 | D:1      | Reached XP level 1. HP: 16/16 MP: 1/1
   129 | D:1      | Gained mutation: A weak demonic guardian rushes to your aid. [demonic ancestry]
   129 | D:1      | Reached XP level 2. HP: 20/22 MP: 2/2
   665 | D:1      | Gained mutation: You are slightly more attuned to the shadows. [demonic ancestry]
   665 | D:1      | Reached XP level 3. HP: 26/27 MP: 3/3
   948 | D:2      | Found a faded altar of an unknown god.
  1328 | D:3      | Noticed ReignOfFire's ghost (amateur DsGl)
  1678 | D:3      | Reached skill level 1 in Armour
  1700 | D:3      | Found a shimmering altar of Xom.
  1739 | D:3      | Reached XP level 4. HP: 26/33 MP: 4/4
  1765 | D:3      | Mangled by a crimson imp

Skill      XL: |  1  2  3 |
---------------+----------+-----
Long Blades    | 3 |  3.7
Dodging        | 3 |  3.1
Armour         | 1 |  1.5
Fighting       | |  2.2
Throwing       | |  1.9

Action                   |  1- 3 |  4- 6 || total
-------------------------+-------+-------++-------
Melee: Long sword        |   150 |     9 ||   159
 Stab: Sleeping          |     1 |       ||     1
       Distracted        |       |     1 ||     1
  Eat: Chunk             |     3 |       ||     3
Armor: Leather armour    |    35 |       ||    35
       Plate armour      |    49 |     6 ||    55
Dodge: Dodged            |    76 |     2 ||    78
       Rpst.: Long sword |    26 |     1 ||    27
